[Event "Early-Titled-Tuesday-Blitz-February-27-2024"]
[Site "Chess.com"]
[Date "2024.02.27"]
[Round "6"]
[White "GHANDEEVAM2003"]
[Black "Hikaru"]
[Result "1-0"]
[WhiteElo "3042"]
[BlackElo "3236"]
[TimeControl "180+1"]
[EndTime "9:05:01 PST"]
[Termination "GHANDEEVAM2003 won by resignation"]

1. a3 a6 2. h3 h6 3. Nf3 Nf6 4. d4 g6 5. Nc3 d5 6. Bf4 Bg7 7. e3 b6 8. Ne5 Bb7 9. Qf3 Nbd7 10. g4 c5 11. h4 cxd4 12. exd4 Qc8 13. Be2 Ne4 14. Nxe4 dxe4 15. Qb3 Nxe5 16. dxe5 Qc5 17.
Rh3 O-O 18. Rc3 Qa5 19. O-O-O Rad8 20. Rc7 Bd5 21. Qb4 Qxb4 22. axb4 e6 23. Bxa6 Ra8 24.
b5 g5 25. hxg5 hxg5 26. Bg3 e3 27. fxe3 Bf3 28. Rd4 Rfd8 29. c4 Bf8 30. Kc2 Bc5 31.
Kc3 Bxd4+ 32. exd4 Bxg4 33. b4 Bf3 34. c5 Kg7 35.
cxb6 Rh8 36. b7 Rab8 37. Kc4 Rh3 38. Be1 g4 39. Kc5 g3 40. Kb6 g2 41. Bf2 Rh1 42. Ka7 Rxb7+ 43. Bxb7 Bxb7 44. Kxb7 Rf1 45. Be3 Rf3 46. Rc2 Rxe3 47. Rxg2+ Kf8 1-0

[Event "Early-Titled-Tuesday-Blitz-February-27-2024"]
[Site "Chess.com"]
[Date "2024.02.27"]
[Round "6"]
[White "Winner_7777"]
[Black "Pliukha_Mikhail"]
[Result "0-1"]
[WhiteElo "2545"]
[BlackElo "2744"]
[TimeControl "180+1"]
[EndTime "9:05:01 PST"]
[Termination "Pliukha_Mikhail won by resignation"]

1. d4 Nf6 2. c4 e6 3. Nc3 d5 4. cxd5 Nxd5 5. e4 Nxc3 6. bxc3 c5 7. Nf3 cxd4 8. cxd4 Bb4+ 9. Bd2 Bxd2+ 10. Qxd2 O-O 11. Bc4 b5 12. Bxb5 Bb7 13. Bd3 Nc6 14. Rb1 Rb8 15. Qc3 Qd6 16. O-O Rfc8 17. Rxb7 Rxb7 18. Ba6 Ne7 19. Qd3 Rb2 20. Bxc8 Nxc8 21. Qc3 Qb8 22. Rc1 Ne7 23. a4 h6 24. g3 Rb3 25. Qc7 Qe8 26. Ne5 f6 27. Nd7 Ng6 28. Qd6 Kh7 29. Rc7 Kh8 30. Qc5 Rb1+ 31. Kg2 Nf4+ 32. gxf4 Qg6+ 33.
Qg5 Qxe4+ 34. f3 Qe2+ 35. Kh3 hxg5 36. Rc8+ Kh7 37. Nf8+ Kh6 38. fxg5+ Kxg5 39. Nh7+ Kf4 0-1

[Event "Early-Titled-Tuesday-Blitz-February-27-2024"]
[Site "Chess.com"]
[Date "2024.02.27"]
[Round "6"]
[White "DrCeltic"]
[Black "Chernov_Alexander_A"]
[Result "1-0"]
[WhiteElo "2595"]
[BlackElo "2358"]
[TimeControl "180+1"]
[EndTime "9:05:01 PST"]
[Termination "DrCeltic won on time"]

1. e4 d6 2. d4 Nf6 3. Nc3 Nbd7 4. Nf3 e5 5. Bc4 Be7 6. O-O O-O 7. Re1 c6 8. a4 exd4 9. Nxd4 Ne5 10. Bf1 Qc7 11. h3 Bd7 12. f4 Ng6 13. Kh1 Rad8 14. Qf3 Bc8 15. Be3 Rfe8 16. Bc4 Bf8 17. Ba2 b6 18. Rad1 a6 19. g4 c5 20. Nf5 Bb7 21.
Nd5 Bxd5 22. Bxd5 Nxd5 23. Rxd5 Ne7 24. Nxe7+ Qxe7 25. Bd2 g6 26. Bc3 Bg7 27. Bxg7 Kxg7 28. c4 f6 29. Kg2 Rd7 30. Re2 Qe6 31. Qd3 Red8 32. Kh2 Re8 33. Kg3 Red8 34. h4 Re8 35. Qc3 h5 36. f5 gxf5 37. Rxf5 hxg4 38. Ref2 Rf7 39. h5 Kh7 40. R2f4 1-0

[Event "Early-Titled-Tuesday-Blitz-February-27-2024"]
[Site "Chess.com"]
[Date "2024.02.27"]
[Round "6"]
[White "Aslanov_Umid"]
[Black "db-banana"]
[Result "1-0"]
[WhiteElo "2676"]
[BlackElo "2490"]
[TimeControl "180+1"]
[EndTime "9:05:02 PST"]
[Termination "Aslanov_Umid won by checkmate"]

1. e4 Nf6 2. e5 Nd5 3. d4 d6 4. c4 Nb6 5. exd6 cxd6 6. Nc3 g6 7. h3 Bg7 8. Nf3 O-O 9. Be2 e5 10.
Bg5 Qd7 11. Be3 Nc6 12. O-O d5 13. c5 Nc4 14. Bxc4 dxc4 15. d5 Ne7 16. d6 Nf5 17.
Nd5 b6 18. cxb6 Qxd6 19. Nc7 Bb7 20. Qxd6 Nxd6 21. Nxa8 Rxa8 22. bxa7 Nf5 23. Bb6 Ne7 24. Rfd1 Nd5 25. Bc5 Bf8 26. Bxf8 Kxf8 27. Nxe5 Rxa7 28.
Nxc4 Ra6 29. b4 Nf4 30. f3 Re6 31. Re1 Rf6 32. Ne5 Kg7 33. b5 Rb6 34. a4 Bd5 35.
Rab1 f6 36. Nd7 Rb7 37. Re7+ Kh6 38. Rbe1 Ra7 39. Nc5 Ra5 40. Rd7 Bc6 41. Rc7 Bxb5 42. axb5 Rxb5 43. Ne6 Nd3 44. Rd1 Ne5 45. Nf8 Rb2 46.
h4 g5 47. Rxh7# 1-0

[Event "Early-Titled-Tuesday-Blitz-February-27-2024"]
[Site "Chess.com"]
[Date "2024.02.27"]
[Round "6"]
[White "GP9isback23"]
[Black "Binary010"]
[Result "0-1"]
[WhiteElo "2597"]
[BlackElo "2857"]
[TimeControl "180+1"]
[EndTime "9:05:03 PST"]
[Termination "Binary010 won by resignation"]

1. d4 d5 2. Nf3 Nf6 3. c4 c6 4. e3 Bf5 5. Bd3 Bxd3 6. Qxd3 e6 7. O-O Nbd7 8. Nc3 Bd6 9. e4 dxe4 10. Nxe4 Nxe4 11. Qxe4 Nf6 12. Qe2 O-O 13. Bg5 h6 14. Bh4 Be7 15. Rfd1 Re8 16. Ne5 Nd7 17. Bxe7 Qxe7 18.
Rd2 Rad8 19. Rad1 Nxe5 20. dxe5 Rxd2 21. Qxd2 Qc5 22. Qd4 Qxd4 23. Rxd4 Re7 24. c5 g5 25. g3 Kg7 26. f4 gxf4 27. gxf4 Kg6 28. Kf2 Kf5 29. Kf3 b6 30. cxb6 axb6 31. Rd6 Ra7 32. Rxc6 Rxa2 33. Rxb6 Ra4 34. Rb7 Rxf4+ 35. Ke3 Rh4 36.
Rxf7+ Kxe5 37. Kd3 Rxh2 38. b4 h5 39. Kc4 h4 40.
Kc5 h3 41. b5 Rc2+ 42. Kb6 h2 43. Rh7 Kf4 44. Ka7 Kg3 45. b6 Ra2+ 46. Kb8 Ra1 47. b7 h1=Q 48. Rxh1 Rxh1 49. Kc7 Rb1 0-1

[Event "Early-Titled-Tuesday-Blitz-February-27-2024"]
[Site "Chess.com"]
[Date "2024.02.27"]
[Round "6"]
[White "GoValya"]
[Black "LiadCuba"]
[Result "0-1"]
[WhiteElo "2282"]
[BlackElo "2498"]
[TimeControl "180+1"]
[EndTime "9:05:03 PST"]
[Termination "LiadCuba won on time"]

1. d4 d5 2. g3 Nf6 3. Bg2 e6 4. c4 dxc4 5. Nf3 c5 6. O-O Nc6 7. e3 cxd4 8. exd4 Bd7 9. Nc3 Be7 10. Qe2 O-O 11. Qxc4 Rc8 12. Qe2 Nb4 13. Ne5 Bc6 14.
Nxc6 Nxc6 15. Be3 Nxd4 16. Bxd4 Qxd4 17. Bxb7 Rb8 18. Bf3 Ba3 19. Nb5 Qxb2 20. Qxb2 Bxb2 21. Nxa7 Bxa1 22. Rxa1 Nd5 23. Nc6 Rb7 24. a4 Rc8 25. Ne5 Ra7 26. a5 f6 27. Nd3 Rca8 28. Bxd5 exd5 29.
Nf4 Rxa5 30. Rd1 Rd8 31. Kg2 Kf7 32. h4 g5 33. Nd3 d4 34. hxg5 fxg5 35. Re1 Rad5 36.
Ne5+ Kf6 37. Nf3 h6 38. Nd2 Re5 39. Ra1 Re2 40. Ra6+ Re6 41. Ra2 d3 42. f3 Re2+ 43. Kh3 Rde8 44. Ra6+ R8e6 45. Rxe6+ Kxe6 0-1

[Event "Early-Titled-Tuesday-Blitz-February-27-2024"]
[Site "Chess.com"]
[Date "2024.02.27"]
[Round "6"]
[White "PavelChernomordik"]
[Black "VladimirBugayev"]
[Result "0-1"]
[WhiteElo "2404"]
[BlackElo "2253"]
[TimeControl "180+1"]
[EndTime "9:05:05 PST"]
[Termination "VladimirBugayev won by checkmate"]

1. e4 c6 2. Nc3 d5 3. Nf3 dxe4 4. Nxe4 Nf6 5. Qe2 Nxe4 6. Qxe4 Qa5 7. Bc4 Bf5 8. Qf4 e6 9. c3 Nd7 10. d4 Be7 11.
O-O O-O 12. Re1 Qd8 13. Qg3 b5 14. Bb3 c5 15. Bf4 c4 16. Bd1 Nf6 17. Ne5 Nd5 18. Nc6 Qd7 19. Nxe7+ Nxe7 20. Be5 Bg6 21. Bf3 Rac8 22.
h4 h5 23. Bxh5 Nf5 24. Qg5 f6 25. Qxg6 fxe5 26. Rxe5 Rf6 27. Qg5 Rcf8 28. Rae1 b4 29. Bg4 bxc3 30. bxc3 R8f7 31. Bh5 Rf8 32. Bg6 Nxh4 33.
Bb1 Nf5 34. Rc5 Qf7 35. f3 Rg6 36. Qf4 Qf6 37. Bxf5 exf5 38. Rxc4 Qa6 39. d5 Qxa2 40. g3 Rb8 41. Rb4 Rxb4 42. cxb4 Qxd5 43. Re2 Qd1+ 44. Kf2 Rh6 45. g4 Rh1 46. Re8+ Kf7 47. Re2 Qg1# 0-1

[Event "Early-Titled-Tuesday-Blitz-February-27-2024"]
[Site "Chess.com"]
[Date "2024.02.27"]
[Round "6"]
[White "jk13"]
[Black "Jospem"]
[Result "0-1"]
[WhiteElo "2700"]
[BlackElo "3062"]
[TimeControl "180+1"]
[EndTime "9:05:06 PST"]
[Termination "Jospem won by resignation"]

1. e4 c5 2. c3 e6 3. d4 d5 4. exd5 exd5 5. Nf3 Nc6 6. Bb5 Bd6 7. dxc5 Bxc5 8.
O-O Ne7 9. Nbd2 O-O 10. Nb3 Bb6 11. Bd3 h6 12. h3 Ng6 13. Re1 Qf6 14. Be3 Bxe3 15.
Rxe3 Nf4 16. Bf1 Bf5 17. Nfd4 Be4 18. Nc5 Rfe8 19. Nxe4 dxe4 20. Nxc6 bxc6 21. Qa4 Qg6 22. Rae1 f5 23. Rg3 Qf6 24. Rge3 Kh7 25. f3 Nd5 26.
R3e2 e3 27. c4 Nf4 28. Rc2 Qh4 29. Qa5 Kh8 30. Kh1 Rad8 31. Qc3 Nh5 32. Rxe3 Ng3+ 33. Kg1 Rxe3 34. Qxe3 Rd1 35. Rc1 Ne2+ 36. Qxe2 Rxc1 37. Qd2 Qe1 38. Qd8+ Kh7 39. Qd3 Kg6 40. h4 Rd1 41.
h5+ Kf6 42. Qc3+ Qxc3 43. bxc3 Rc1 44. Kf2 Rxc3 45. Be2 Ra3 46. Ke1 Rxa2 47. g4 fxg4 48. fxg4 Kg5 49. Bd1 Rb2 50. Be2 Kf4 51. Bd1 Ke3 0-1

[Event "Early-Titled-Tuesday-Blitz-February-27-2024"]
[Site "Chess.com"]
[Date "2024.02.27"]
[Round "6"]
[White "ActorXu"]
[Black "SahibSinghKnight"]
[Result "1-0"]
[WhiteElo "2837"]
[BlackElo "2572"]
[TimeControl "180+1"]
[EndTime "9:05:06 PST"]
[Termination "ActorXu won on time"]

1. e4 e6 2. d3 d5 3. Nd2 Nf6 4. Ngf3 b6 5. g3 Ba6 6. e5 Nfd7 7.
Bg2 c5 8. O-O Nc6 9. Re1 Qc7 10.
c4 O-O-O 11. cxd5 exd5 12. d4 cxd4 13. Nb3 h6 14. Nbxd4 Nxd4 15. Nxd4 Nc5 16. e6 g5 17. b4 Nd3 18. Re3 Nxb4 19. Ba3 Bc5 20. Rc1 Bc4 21. exf7 Qxf7 22. Bxb4 Bxb4 23. Nc6 Bc5 24. Nxd8 Rxd8 25. Qg4+ Kb8 26. Rf3 Qe8 27. h4 Be2 28. hxg5 Bxf3 29.
Bxf3 hxg5 30. Qxg5 Qd7 31. Rd1 d4 32. Qe5+ Qd6 33.
Qe4 Qd7 34. Qa8+ Kc7 35. Qxa7+ Kd6 36. Qa6 Kc7 37. Rc1 Rb8 38. a4 Qf5 39. Qa7+ Kc8 40. Re1 Qf8 41. Bg4+ 1-0

[Event "Early-Titled-Tuesday-Blitz-February-27-2024"]
[Site "Chess.com"]
[Date "2024.02.27"]
[Round "6"]
[White "joshdaruca"]
[Black "burbur555"]
[Result "1-0"]
[WhiteElo "2773"]
[BlackElo "2557"]
[TimeControl "180+1"]
[EndTime "9:05:07 PST"]
[Termination "joshdaruca won on time"]

1. b3 c6 2. Bb2 d5 3. d3 Bf5 4. Nd2 e6 5. g3 Nf6 6. Bg2 h6 7. e4 Bh7 8. Nh3 Be7 9. O-O O-O 10. Qe2 a5 11. a3 d4 12. e5 Ne8 13. f4 Nc7 14.
Qf2 Nb5 15. a4 Nc3 16. Bxc3 dxc3 17. Nc4 Nd7 18. Qe1 Bb4 19. Be4 Bxe4 20. Qxe4 Nb6 21. Nf2 Nxc4 22. dxc4 Qb6 23. Kg2 Rad8 24. Nd3 Rd4 25.
Qe2 Rfd8 26. Rf3 Qc7 27. h4 h5 28. Re3 g6 29. g4 hxg4 30. Qxg4 Be7 31. h5 g5 32. h6 Kh8 33. h7 gxf4 34. Nxf4 Rxf4 35. Qxf4 Rd2+ 36. Kf3 f5 37. Rg1 Kxh7 38. Rh1+ Kg8 39.
Qh6 Kf7 40. Qh5+ Kf8 41. Qh8+ Kf7 42. Rh7+ 1-0

[Event "Early-Titled-Tuesday-Blitz-February-27-2024"]
[Site "Chess.com"]
[Date "2024.02.27"]
[Round "6"]
[White "Roman_Ovetchkin"]
[Black "LangesNasenhaar"]
[Result "1-0"]
[WhiteElo "2591"]
[BlackElo "2400"]
[TimeControl "180+1"]
[EndTime "9:05:08 PST"]
[Termination "Roman_Ovetchkin won by checkmate"]

1. d4 g6 2. e4 Bg7 3. Nc3 c6 4. f4 d5 5. e5 f6 6. Nf3 Nh6 7.
Bd3 Bg4 8. O-O O-O 9. h3 Bxf3 10.
Rxf3 fxe5 11. fxe5 e6 12. Rxf8+ Qxf8 13. Ne2 Nd7 14.
c3 Nf5 15. Qb3 b6 16. Bd2 Bh6 17. Bxf5 gxf5 18. Bf4 Bg7 19. c4 Qe7 20. Rc1 dxc4 21. Qxc4 c5 22. Rc3 Rc8 23. Rg3 Kh8 24. Nc3 Qh4 25.
Rf3 Qe7 26. Kh2 Nf8 27. d5 Ng6 28. d6 Qd7 29. Qe2 a6 30. a4 Nxf4 31. Rxf4 Qc6 32. g4 b5 33. gxf5 exf5 34. Rxf5 b4 35. Ne4 Re8 36.
Ng5 Qxd6 37. Qh5 Qd2+ 38. Kg1 Qd1+ 39. Qxd1 Rf8 40. Rxf8+ Bxf8 41. Qd7 Bg7 42. Qe8+ Bf8 43. Qxf8# 1-0

[Event "Early-Titled-Tuesday-Blitz-February-27-2024"]
[Site "Chess.com"]
[Date "2024.02.27"]
[Round "6"]
[White "Kostukov_Alex"]
[Black "Manukyan_Artak"]
[Result "0-1"]
[WhiteElo "2365"]
[BlackElo "2485"]
[TimeControl "180+1"]
[EndTime "9:05:09 PST"]
[Termination "Manukyan_Artak won on time"]

1. g3 h5 2. Nf3 Nc6 3. d4 d5 4. c4 Nf6 5. cxd5 Nxd5 6. e4 Nb6 7. d5 Nb8 8. Nc3 c6 9. Bg2 e6 10. Bg5 f6 11. Be3 Nc4 12. Bc1 Nd7 13. O-O Nde5 14.
Nd4 cxd5 15. exd5 exd5 16. Nxd5 Bc5 17. Nb5 Kf7 18. Ndc7 Qxd1 19. Rxd1 Bg4 20. Rd5 Rad8 21. Bf4 Nd3 22. Rxd8 Rxd8 23. Bd5+ Kf8 24. Bxc4 Nxf2 25. Kg2 Nh3 26. Ne6+ Bxe6 27. Bxe6 Nxf4+ 28. gxf4 Rd2+ 29. Kf3 Rxb2 30. a4 a6 31. Nc7 Rxh2 32. Nd5 Rf2+ 33. Kg3 Re2 34. f5 g5 35. Rc1 h4+ 36. Kg4 Bd6 37.
Nxf6 Rg2+ 38. Kh5 h3 39. Rc8+ Kg7 40. Ne8+ Kf8 41. Nxd6+ Ke7 42. Nxb7 h2 43. Rc7+ Kf6 44. Rf7+ Ke5 45. Kg6 h1=Q 46. Re7 Kd4 47. Rd7+ Kc3 48.
Bd5 Qh2 49. Bxg2 Qxg2 50. f6 g4 51. f7 Qc6+ 0-1

[Event "Early-Titled-Tuesday-Blitz-February-27-2024"]
[Site "Chess.com"]
[Date "2024.02.27"]
[Round "6"]
[White "Nouali_Mohamed"]
[Black "NM_Antelacus"]
[Result "1-0"]
[WhiteElo "2545"]
[BlackElo "2255"]
[TimeControl "180+1"]
[EndTime "9:05:10 PST"]
[Termination "Nouali_Mohamed won on time"]

1. e4 c5 2. Nf3 Nc6 3. d4 cxd4 4.
Nxd4 Nf6 5. Nc3 e5 6. Ndb5 d6 7. Bg5 a6 8. Na3 b5 9. Nd5 Be7 10. Bxf6 Bxf6 11. c3 Bg5 12. Nc2 Ne7 13. Nxe7 Qxe7 14.
Nb4 Be6 15. a4 bxa4 16. Rxa4 a5 17. Nd5 Qb7 18. Bb5+ Kf8 19. c4 Bxd5 20. exd5 Qb6 21. b4 Ke7 22. Qa1 Rhc8 23. O-O Kf8 24. Bc6 Ra7 25. c5 dxc5 26. Rxa5 Rxa5 27. bxa5 Qa6 28. Qxe5 Bf6 29. Qf5 Rd8 30. Qxh7 g6 31. Qh6+ Bg7 32.
Qg5 Qxa5 33. h4 Qc7 34. Re1 Qd6 35. h5 gxh5 36. Qxh5 Kg8 37. Re3 Qf4 38. Rg3 Qf6 39. Qg4 Kf8 40. Rf3 Qe5 41. g3 Rd6 42. Qc8+ 1-0

[Event "Early-Titled-Tuesday-Blitz-February-27-2024"]
[Site "Chess.com"]
[Date "2024.02.27"]
[Round "6"]
[White "Predator0608"]
[Black "davigator"]
[Result "1/2-1/2"]
[WhiteElo "2568"]
[BlackElo "2407"]
[TimeControl "180+1"]
[EndTime "9:05:10 PST"]
[Termination "Game drawn by repetition"]

1. f4 d5 2. Nf3 c5 3. g3 Nc6 4. Bg2 Nf6 5. O-O Bf5 6. d3 e6 7.
Qe1 d4 8. e4 dxe3 9. Bxe3 Rc8 10. Nc3 Be7 11. h3 h5 12. Qf2 b6 13. Rae1 O-O 14.
Kh2 Re8 15. Ne5 Nd4 16. Ne4 Nd5 17. Bc1 Qc7 18. c3 Nc6 19. Nxc6 Qxc6 20. c4 Nb4 21. Nf6+ Bxf6 22. Bxc6 Nxc6 23. Rd1 Nb4 24. b3 Rcd8 25.
Qg2 Bxd3 26. Rg1 Bh7 27. g4 h4 28. Bb2 Bxb2 29. Qxb2 Nd3 30. Qd2 Rd4 31. Qe3 Red8 32. f5 exf5 33. gxf5 Bxf5 34. Rdf1 Bg6 35. Rg4 R4d6 36.
Rfg1 Re6 37. Qd2 Rde8 38. R1g2 Ne5 39. Rf4 Nd3 40. Rf3 Ne5 41. Rf1 R6e7 42. Qf2 Rd7 43.
Qxh4 Rd3 44. Rg3 Rd2+ 45. Rg2 Rd3 46. Rg3 Rd2+ 47. Kg1 Rxa2 48. Qf4 Re2 49. Rf2 Re1+ 50. Kh2 Nd3 51. Rxd3 Bxd3 52. Qxf7+ Kh7 53. Qh5+ Kg8 54. Qf7+ Kh7 55. Rf4 R8e2+ 56. Kg3 Rg1+ 57. Kf3 Rf1+ 58. Kg3 Rg1+ 59. Kf3 Rf1+ 60. Kg3 Rg1+ 1/2-1/2

[Event "Early-Titled-Tuesday-Blitz-February-27-2024"]
[Site "Chess.com"]
[Date "2024.02.27"]
[Round "6"]
[White "losersgame"]
[Black "GAusal"]
[Result "1-0"]
[WhiteElo "2521"]
[BlackElo "2309"]
[TimeControl "180+1"]
[EndTime "9:05:11 PST"]
[Termination "losersgame won on time"]

1. d4 d5 2. c4 c6 3. Nc3 dxc4 4. e4 b5 5. Nf3 Bb7 6. Be2 a6 7. O-O e6 8. Qc2 Nf6 9. Rd1 Nbd7 10. e5 Nd5 11.
Ne4 Be7 12. Bg5 O-O 13. b3 cxb3 14. axb3 h6 15. Bxe7 Qxe7 16. Rdc1 Rfc8 17. Nd6 Rcb8 18. Nxb7 Rxb7 19. Qxc6 N7b6 20. Qc5 Qd7 21. g3 Rc7 22. Qa3 Nc3 23. Bf1 Qd5 24. Qd6 Qxf3 25. Qxc7 Nbd5 26. Qb7 Rf8 27. Rxa6 g5 28. Ra8 Rxa8 29. Qxa8+ Kg7 30.
Qa1 b4 31. Qb2 Ne7 32. Qd2 Nf5 33. Re1 Qd5 34. Bg2 Qxd4 35. Qc2 Qb6 36. Be4 Nd4 37. Qd2 Nxe4 38. Qe3 Nc3 39. h4 Qd8 40. Kh2 Nf5 41.
Qf3 Qd5 42. Qg4 Qd2 43. Rf1 1-0

[Event "Early-Titled-Tuesday-Blitz-February-27-2024"]
[Site "Chess.com"]
[Date "2024.02.27"]
[Round "6"]
[White "FoggyMorning"]
[Black "stollenmonster"]
[Result "0-1"]
[WhiteElo "2642"]
[BlackElo "2887"]
[TimeControl "180+1"]
[EndTime "9:05:12 PST"]
[Termination "stollenmonster won by checkmate"]

1. e4 c5 2. Nf3 Nf6 3. Nc3 d5 4.
Bb5+ Bd7 5. Bxd7+ Qxd7 6. d3 Nc6 7. exd5 Nxd5 8. O-O g6 9. Bd2 Bg7 10. Nxd5 Qxd5 11.
Bc3 e5 12. Re1 O-O 13. Nd2 Rfe8 14. Qf3 Qe6 15. a4 f5 16. Nc4 Rad8 17. a5 e4 18. Qg3 Nd4 19. Bxd4 cxd4 20. b3 e3 21.
Qf3 f4 22. Kf1 Rd7 23. Re2 g5 24. h3 Rf7 25. Nd2 Qg6 26. Ne4 h5 27. Nc5 g4 28.
hxg4 hxg4 29. Qd5 f3 30. Ree1 Qh7 31. Kg1 g3 32. fxg3 f2+ 33. Kf1 Qh1+ 34. Ke2 fxe1=Q+ 35. Rxe1 Qh7 36. Rf1 Qg6 37. Rf3 b6 38. Nb7 Bf8 39. axb6 axb6 40. Qc4 b5 41. Qd5 Qe6 42. Qxb5 Rxf3 43.
gxf3 Rc8 44. Qg5+ Bg7 45. c4 dxc3 46. Nc5 Qh6 47. Qf5 Re8 48. Qd5+ Kh7 49. Kd1 e2+ 50. Kc2 Qd2+ 51. Kb1 e1=Q# 0-1

[Event "Early-Titled-Tuesday-Blitz-February-27-2024"]
[Site "Chess.com"]
[Date "2024.02.27"]
[Round "6"]
[White "LyonBeast"]
[Black "Jumbo"]
[Result "0-1"]
[WhiteElo "3128"]
[BlackElo "2894"]
[TimeControl "180+1"]
[EndTime "9:05:14 PST"]
[Termination "Jumbo won on time"]

1. Nf3 Nf6 2. g3 g6 3. Bg2 Bg7 4. c4 c6 5. b3 Ne4 6. d4 d5 7. O-O O-O 8. Bb2 a5 9. Nc3 Bf5 10. Rc1 Nxc3 11. Bxc3 Be4 12. Bh3 Bxf3 13. exf3 e6 14.
f4 a4 15. Re1 axb3 16. axb3 Nd7 17. c5 b6 18. b4 bxc5 19. bxc5 Ra3 20. Qd2 Qa8 21.
Rc2 Kh8 22. Rec1 Rb8 23. Bf1 Rbb3 24. Kg2 Nf6 25. f3 Ne8 26. Rb2 Nc7 27. Rxb3 Rxb3 28.
Ra1 Qb7 29. Qc2 h5 30. Bd3 Kh7 31. h3 f5 32. g4 Bh6 33. gxf5 exf5 34. Bxf5 Rxc3 35.
Bxg6+ Kg7 36. Qxc3 Kxg6 37. Re1 Qc8 38. Re7 Bxf4 39.
Qe1 Qf5 40. h4 Qc2+ 41. Re2 Qf5 42. Qa5 Qd3 43. Qe1 Kf6 44. Qf2 Ne6 45. Qe1 Nxd4 46.
Rf2 Qg6+ 47. Kh1 Bg3 0-1

[Event "Early-Titled-Tuesday-Blitz-February-27-2024"]
[Site "Chess.com"]
[Date "2024.02.27"]
[Round "6"]
[White "Rurep26"]
[Black "sergoy"]
[Result "1-0"]
[WhiteElo "2715"]
[BlackElo "3043"]
[TimeControl "180+1"]
[EndTime "9:05:16 PST"]
[Termination "Rurep26 won by checkmate"]

1. d4 Nf6 2. Bf4 g6 3. Nc3 c5 4. d5 Bg7 5. e4 d6 6. Bb5+ Nbd7 7. a4 O-O 8. Nf3 Nh5 9. Bd2 Ne5 10.
Nxe5 Bxe5 11. O-O e6 12. Bc4 exd5 13. Nxd5 Bxb2 14. Rb1 Bg7 15. Qc1 Qh4 16. Bd3 Be5 17. g3 Qh3 18. Nf4 Nxf4 19. Bxf4 Bg4 20. f3 Bc8 21. Bxe5 dxe5 22. Bc4 b6 23. Bd5 Rb8 24. Qg5 Re8 25. Rfd1 Kg7 26. Bc6 h6 27. Qd2 Re6 28. Bd5 Re7 29. Qc3 Qh5 30. f4 Bh3 31. Rd2 Rf8 32. a5 bxa5 33. Qxc5 Rfe8 34. Qc3 a4 35. Rb4 Kh7 36. Rxa4 Rb8 37. Ra1 a5 38.
Rf2 Rf8 39. Qc5 Ree8 40. Qxa5 Rb8 41. Qc3 exf4 42. Rxf4 Rbc8 43. Qd2 Qe5 44. Ra7 Kh8 45. Rfxf7 Rxf7 46. Qxh6+ Kg8 47. Bxf7# 1-0

[Event "Early-Titled-Tuesday-Blitz-February-27-2024"]
[Site "Chess.com"]
[Date "2024.02.27"]
[Round "6"]
[White "AnaKuchava"]
[Black "amelia91"]
[Result "0-1"]
[WhiteElo "2170"]
[BlackElo "1989"]
[TimeControl "180+1"]
[EndTime "9:05:16 PST"]
[Termination "amelia91 won on time"]

1. d4 Nf6 2. Nf3 e6 3. c4 d5 4. Nc3 c6 5. Qb3 Be7 6. Bf4 O-O 7. e3 Qb6 8. c5 Qd8 9. Bd3 Nbd7 10. O-O Re8 11. Qc2 b6 12. b4 a5 13. a3 Bb7 14. h3 Nf8 15. Rfb1 N6d7 16. Na4 b5 17. Nc3 axb4 18. axb4 Bf6 19. Ne5 Bxe5 20. Bxe5 Nxe5 21. dxe5 Rxa1 22. Rxa1 Qb8 23. f4 Nd7 24. Bxh7+ Kf8 25.
Bd3 f6 26. Bg6 Rd8 27. exf6 Nxf6 28. Ne2 e5 29. Qf5 exf4 30. Nxf4 Bc8 31. Ne6+ Bxe6 32. Qxe6 Qc7 33. Ra6 Qe7 34. Rxc6 Qxe6 35. Rxe6 d4 36. exd4 Rxd4 37. c6 Rxb4 38. Bd3 Rb3 39. Rd6 Ke7 40. Rd4 Rc3 41. Bxb5 Rc5 42. Rc4 Rxc4 43. Bxc4 Kd6 44. Bb5 Ne4 45. Kh2 Nc3 0-1

[Event "Early-Titled-Tuesday-Blitz-February-27-2024"]
[Site "Chess.com"]
[Date "2024.02.27"]
[Round "6"]
[White "bazar-wokzal"]
[Black "Shuvalov"]
[Result "0-1"]
[WhiteElo "2662"]
[BlackElo "2511"]
[TimeControl "180+1"]
[EndTime "9:05:17 PST"]
[Termination "Shuvalov won by resignation"]

1. e4 e6 2. d4 d5 3. exd5 exd5 4.
Nf3 Nf6 5. c4 Nc6 6. Nc3 Bg4 7.
Be3 Be7 8. h3 Bh5 9. g4 Bg6 10.
Ne5 O-O 11. Bg2 dxc4 12. O-O Nxe5 13. dxe5 Nd7 14. f4 Bd3 15. Rf2 Bc5 16. Qf3 Qe7 17. Nd5 Qd8 18. b3 c6 19. Nc3 Qa5 20. Ne4 Bxe4 21.
Qxe4 cxb3 22. f5 Bxe3 23. Qxe3 Qxe5 24. Qxe5 Nxe5 25. axb3 f6 26. Bf1 Rfd8 27. Kg2 a5 28. Rc2 Rd4 29. Be2 Kf8 30. Kg3 Rb4 31. Rc3 b6 32. h4 h6 33. g5 hxg5 34. hxg5 fxg5 35. Rh1 Ke7 36. Re3 Kf6 37. Rd1 g4 38. Rd6+ Kxf5 39.
Bd1 Re8 40. Bc2+ Kg5 41. Rxc6 Nxc6 42. Rxe8 Nd4 43. Bd1 Nf5+ 44. Kf2 g6 45. Re6 b5 46. Bc2 a4 47. bxa4 bxa4 48. Ra6 Rb2 49. Rc6 Nd4 50. Rc5+ Kf4 51. Rc4 Rxc2+ 0-1

[Event "Early-Titled-Tuesday-Blitz-February-27-2024"]
[Site "Chess.com"]
[Date "2024.02.27"]
[Round "6"]
[White "ChessSwole"]
[Black "Road2GM3000"]
[Result "1/2-1/2"]
[WhiteElo "2686"]
[BlackElo "2441"]
[TimeControl "180+1"]
[EndTime "9:05:17 PST"]
[Termination "Game drawn - insufficient material"]

1. e4 c5 2. Nf3 d6 3. d4 cxd4 4. Nxd4 Nf6 5. Nc3 a6 6. h3 e6 7. g4 Be7 8. g5 Nfd7 9. Bg2 Nc6 10. h4 O-O 11. b3 Qc7 12. Bb2 Nde5 13. f4 Nxd4 14.
Qxd4 Nc6 15. Qe3 b5 16. O-O-O Bb7 17. f5 Rfc8 18. Bh3 b4 19. fxe6 bxc3 20. exf7+ Kf8 21. Qxc3 Ne5 22. Bxc8 Qxc3 23. Bxc3 Rxc8 24. Bxe5 Bxe4 25. Rhe1 Rxc2+ 26. Kb1 Rd2+ 27. Rxe4 Rxd1+ 28. Kc2 Rh1 29. Bxg7+ Kxf7 30. Bd4 d5 31. Rf4+ Ke6 32. Bf6 Bd6 33. Ra4 a5 34. Bc3 Rh2+ 35. Kd1 Bc7 36. Bxa5 Bxa5 37.
Rxa5 Rxh4 38. Ra6+ Ke5 39. Rh6 Rg4 40. Rxh7 Rxg5 41. Rh4 Rg2 42. a4 Rb2 43. b4 d4 44.
b5 Ra2 45. b6 Rxa4 46. Rh5+ Ke4 47. Rb5 Ra8 48. Kd2 Rb8 49. b7 d3 50. Kc3 Ke3 51.
Re5+ Kf4 52. Re7 Rd8 53. Rd7 Rxd7 54. b8=Q+ Kf5 55. Qc8 Ke6 56. Qc6+ Ke7 57. Kd2 Kd8 58. Qf6+ Kc7 59. Qf4+ Kd8 60. Qg5+ Kc7 61. Qg3+ Kd8 62.
Kc3 d2 63. Qg5+ Kc7 64. Qc5+ Kd8 65. Qg5+ Kc8 66. Qxd2 Rxd2 67. Kxd2 1/2-1/2

[Event "Early-Titled-Tuesday-Blitz-February-27-2024"]
[Site "Chess.com"]
[Date "2024.02.27"]
[Round "6"]
[White "gm_rashid"]
[Black "Better_Chess_Faster"]
[Result "1/2-1/2"]
[WhiteElo "2421"]
[BlackElo "2146"]
[TimeControl "180+1"]
[EndTime "9:05:18 PST"]
[Termination "Game drawn by repetition"]

1. e4 Nf6 2. e5 Nd5 3. Bc4 Nb6 4. Bb3 d5 5. exd6 cxd6 6. d4 g6 7. Nf3 Bg7 8. c3 O-O 9. O-O Nc6 10. Re1 Bg4 11. h3 Bxf3 12. Qxf3 e6 13. Nd2 d5 14. Nf1 a5 15. Bc2 a4 16. Bf4 Nc4 17.
Rab1 a3 18. b3 Nd6 19. Rbd1 Rc8 20. Qg3 Nb5 21. Rd3 Ne7 22. Rde3 Nf5 23. Bxf5 exf5 24.
Nh2 Nc7 25. Be5 Ne6 26. Nf3 Bxe5 27. Rxe5 Rxc3 28. Rxf5 Nxd4 29. Rf4 Nxf3+ 30. Rxf3 Rxf3 31. Qxf3 Qd6 32. Rd1 Rd8 33. Qd3 Qc5 34. Rd2 d4 35. Rc2 Qd5 36. f3 Kg7 37. Kf2 Qe5 38. b4 Qd5 39. Qxa3 d3 40. Qc3+ f6 41. Rd2 Qd4+ 42. Qxd4 Rxd4 43. a3 b5 44. Ke3 Rd7 45. Rxd3 Re7+ 46.
Kd4 Re2 47. g4 h5 48. Kc5 hxg4 49. hxg4 Re5+ 50. Kb6 g5 51. Kc6 Kf7 52. Kb6 Ke6 53. Kc6 Re1 54. Kb6 Re5 55. Kc6 Ke7 56. Kb6 Ke6 1/2-1/2